[ PARTIDA AOE2 · #493892656 ]
UnrankedEslavos vs Mongols
Equipo del jugador · VICT
Equipo rival · DERR
[ ANÁLISIS DE REPETICIÓN · EXTRAÍDO DE LA PARTIDA GRABADA ]
Feudal
9:18
Castillos
19:20
Imperial
36:02
| APM promedio | 48.5 |
| APM pico | 79 |
| eAPM promedio | 21.1 |
| Aldeanos / militares | 131 / 130 |
Foco
⚔️ 28.4% · 🌾 71.6%
Skirmisher ×50 · Boyar ×46 · Knight ×11 · Archer ×5 · Scout Cavalry ×5 · Scorpion ×4
Feudal
8:29
Castillos
22:53
Imperial
38:20
| APM promedio | 56.8 |
| APM pico | 84 |
| eAPM promedio | 35.0 |
| Aldeanos / militares | 189 / 154 |
Foco
⚔️ 49.9% · 🌾 50.1%
Scout Cavalry ×63 · Spearman ×40 · Mangudai ×23 · Monk ×11 · Camel Scout ×11 · Trebuchet (Packed) ×6
Mapa de la partida
Recursos iniciales + cada clic de construcción. Líneas = muros · curvas = relieve. ◆ oro · ⬟ piedra · ● bayas · ✦ reliquia · ◌ hueco del cierre
Tu base· ✓ Cerrada en 19:20 · 28t muro · 1 puerta(s)
Base de GdR_Scugo· Abierta — hueco de 8t
Terreno inicial suavizado · ◌ = hueco del cierre detectado · pasá el cursor para detalles
Inputs por minuto
— nlp - - GdR_Scugo
Build order — nlp
Primeras 150 de 359 acciones detectadas
| 0:00 | Crear | Villager (Male) |
| 0:01 | Crear | Villager (Male) |
| 0:02 | Construir | House |
| 0:03 | Construir | House |
| 0:10 | Crear | Villager (Male) |
| 0:15 | Crear | Villager (Male) |
| 1:31 | Crear | Villager (Male) |
| 1:58 | Crear | Villager (Male) |
| 2:02 | Construir | Lumber Camp |
| 2:17 | Crear | Villager (Male) |
| 2:43 | Crear | Villager (Male) |
| 2:55 | Crear | Villager (Male) |
| 3:30 | Crear | Villager (Male) |
| 3:51 | Construir | House |
| 3:59 | Crear | Villager (Male) |
| 4:18 | Crear | Villager (Male) |
| 4:18 | Crear | Villager (Male) |
| 4:32 | Construir | Palisade Wall |
| 4:41 | Construir | Mill |
| 5:16 | Crear | Villager (Male) |
| 5:18 | Crear | Villager (Male) |
| 5:19 | Crear | Villager (Male) |
| 5:41 | Crear | Villager (Male) |
| 5:46 | Crear | Villager (Male) |
| 6:03 | Construir | Palisade Wall |
| 6:12 | Construir | Palisade Wall |
| 6:21 | Construir | Palisade Wall |
| 6:26 | Investigar | Loom |
| 7:08 | Investigar | Feudal Age |
| 7:22 | Construir | Lumber Camp |
| 7:25 | Crear | Villager (Male) |
| 8:23 | Construir | Barracks |
| 9:18 | Edad | Edad Feudal |
| 9:22 | Investigar | Double-Bit Axe |
| 9:24 | Construir | House |
| 9:25 | Construir | Palisade Wall |
| 9:26 | Construir | Palisade Wall |
| 9:33 | Crear | Villager (Male) |
| 9:46 | Construir | Stable |
| 9:59 | Investigar | Horse Collar |
| 9:59 | Crear | Villager (Male) |
| 10:12 | Construir | House |
| 10:17 | Construir | Palisade Gate |
| 10:21 | Crear | Villager (Male) |
| 10:28 | Construir | Farm |
| 10:41 | Crear | Scout Cavalry |
| 10:48 | Crear | Villager (Male) |
| 10:51 | Construir | Farm |
| 11:02 | Crear | Scout Cavalry |
| 11:09 | Construir | Farm |
| 11:10 | Crear | Villager (Male) |
| 11:15 | Construir | Farm |
| 11:25 | Crear | Villager (Male) |
| 11:35 | Construir | Farm |
| 11:56 | Construir | House |
| 11:58 | Crear | Villager (Male) |
| 12:00 | Construir | Watch Tower |
| 12:03 | Crear | Villager (Male) |
| 12:18 | Crear | Scout Cavalry |
| 12:21 | Crear | Villager (Male) |
| 12:27 | Construir | Farm |
| 12:44 | Crear | Scout Cavalry |
| 12:48 | Crear | Villager (Male) |
| 12:54 | Construir | Stone Wall |
| 13:01 | Crear | Villager (Male) |
| 13:16 | Construir | Mining Camp |
| 13:33 | Construir | Farm |
| 13:43 | Construir | Market |
| 13:52 | Construir | Farm |
| 13:58 | Crear | Villager (Male) |
| 14:07 | Construir | Farm |
| 14:32 | Construir | Farm |
| 14:34 | Construir | Farm |
| 14:40 | Construir | Farm |
| 14:46 | Crear | Villager (Male) |
| 14:50 | Crear | Villager (Male) |
| 14:58 | Crear | Spearman |
| 14:58 | Crear | Spearman |
| 15:16 | Crear | Villager (Male) |
| 15:42 | Crear | Villager (Male) |
| 16:09 | Construir | Watch Tower |
| 16:14 | Crear | Villager (Male) |
| 16:40 | Investigar | Castle Age |
| 16:45 | Construir | Stable |
| 17:11 | Construir | Farm |
| 17:15 | Construir | Farm |
| 17:26 | Investigar | Bloodlines |
| 17:53 | Construir | Blacksmith |
| 17:58 | Construir | Farm |
| 18:21 | Construir | Farm |
| 18:24 | Investigar | Wheelbarrow |
| 18:40 | Construir | Farm |
| 19:20 | Edad | Edad de los Castillos |
| 19:24 | Crear | Knight |
| 19:24 | Crear | Knight |
| 19:49 | Crear | Villager (Male) |
| 19:55 | Crear | Knight |
| 20:11 | Crear | Villager (Male) |
| 20:13 | Crear | Knight |
| 20:13 | Crear | Knight |
| 20:26 | Crear | Knight |
| 20:28 | Crear | Villager (Male) |
| 20:37 | Crear | Villager (Male) |
| 20:41 | Crear | Knight |
| 20:41 | Crear | Knight |
| 20:48 | Crear | Villager (Male) |
| 21:00 | Crear | Villager (Male) |
| 21:08 | Construir | House |
| 21:13 | Investigar | Husbandry |
| 21:18 | Crear | Villager (Male) |
| 21:21 | Crear | Knight |
| 21:35 | Construir | Monastery |
| 21:40 | Crear | Villager (Male) |
| 21:45 | Crear | Knight |
| 21:45 | Crear | Knight |
| 22:01 | Investigar | Forging |
| 22:32 | Construir | Farm |
| 22:34 | Crear | Monk |
| 22:36 | Crear | Villager (Male) |
| 22:39 | Construir | Mining Camp |
| 22:42 | Construir | Farm |
| 22:46 | Investigar | Bow Saw |
| 23:17 | Crear | Villager (Male) |
| 23:26 | Crear | Monk |
| 23:30 | Crear | Villager (Male) |
| 23:34 | Investigar | Scale Barding Armor |
| 24:09 | Investigar | Fletching |
| 24:13 | Crear | Villager (Male) |
| 24:35 | Construir | House |
| 24:51 | Construir | Siege Workshop |
| 25:00 | Construir | Town Center |
| 25:38 | Crear | Villager (Male) |
| 25:38 | Construir | Farm |
| 25:39 | Construir | Farm |
| 25:42 | Crear | Scorpion |
| 25:42 | Crear | Scorpion |
| 25:47 | Construir | Farm |
| 25:49 | Construir | Farm |
| 25:53 | Crear | Villager (Male) |
| 26:17 | Crear | Monk |
| 26:26 | Crear | Villager (Male) |
| 26:29 | Crear | Villager (Male) |
| 26:58 | Crear | Mangonel |
| 27:01 | Crear | Villager (Male) |
| 27:02 | Construir | Farm |
| 27:03 | Crear | Villager (Male) |
| 27:12 | Construir | Town Center |
| 27:21 | Crear | Villager (Male) |
| 27:22 | Construir | Farm |
| 27:29 | Investigar | Heavy Plow |
Build order — GdR_Scugo
Primeras 150 de 564 acciones detectadas
| 0:01 | Crear | Villager (Male) |
| 0:01 | Crear | Villager (Male) |
| 0:02 | Crear | Villager (Male) |
| 0:02 | Crear | Villager (Male) |
| 0:03 | Construir | House |
| 0:05 | Construir | House |
| 1:27 | Crear | Villager (Male) |
| 1:41 | Construir | Lumber Camp |
| 2:09 | Crear | Villager (Male) |
| 2:16 | Construir | House |
| 2:28 | Crear | Villager (Male) |
| 2:28 | Crear | Villager (Male) |
| 2:41 | Crear | Villager (Male) |
| 2:52 | Crear | Villager (Male) |
| 2:57 | Construir | House |
| 3:43 | Crear | Villager (Male) |
| 3:52 | Crear | Villager (Male) |
| 4:09 | Crear | Villager (Male) |
| 4:18 | Construir | Mill |
| 4:25 | Crear | Villager (Male) |
| 5:12 | Crear | Villager (Male) |
| 5:15 | Investigar | Loom |
| 6:06 | Investigar | Feudal Age |
| 6:31 | Crear | Villager (Male) |
| 6:42 | Construir | Barracks |
| 8:09 | Crear | Villager (Male) |
| 8:29 | Edad | Edad Feudal |
| 8:31 | Construir | Archery Range |
| 8:34 | Construir | Stable |
| 8:40 | Investigar | Double-Bit Axe |
| 8:41 | Investigar | Horse Collar |
| 8:43 | Crear | Villager (Male) |
| 8:54 | Construir | House |
| 8:58 | Crear | Villager (Male) |
| 9:01 | Construir | Farm |
| 9:16 | Construir | Farm |
| 9:21 | Crear | Scout Cavalry |
| 9:21 | Crear | Scout Cavalry |
| 9:22 | Crear | Scout Cavalry |
| 9:28 | Construir | House |
| 9:33 | Crear | Villager (Male) |
| 9:39 | Construir | Farm |
| 9:50 | Crear | Villager (Male) |
| 10:02 | Construir | Farm |
| 10:07 | Crear | Villager (Male) |
| 10:09 | Construir | House |
| 10:11 | Crear | Villager (Male) |
| 10:34 | Crear | Scout Cavalry |
| 10:42 | Construir | Farm |
| 10:43 | Crear | Villager (Male) |
| 10:51 | Construir | Mining Camp |
| 10:55 | Crear | Scout Cavalry |
| 11:03 | Crear | Spearman |
| 11:04 | Crear | Spearman |
| 11:16 | Construir | House |
| 11:25 | Construir | Palisade Wall |
| 11:26 | Construir | Palisade Wall |
| 11:30 | Crear | Villager (Male) |
| 11:37 | Construir | Watch Tower |
| 11:41 | Crear | Spearman |
| 11:46 | Crear | Villager (Male) |
| 11:56 | Crear | Scout Cavalry |
| 12:02 | Crear | Villager (Male) |
| 12:40 | Crear | Villager (Male) |
| 12:43 | Construir | Farm |
| 12:44 | Crear | Villager (Male) |
| 12:55 | Construir | Watch Tower |
| 13:00 | Crear | Villager (Male) |
| 13:12 | Construir | Stone Wall |
| 13:12 | Construir | Stone Wall |
| 13:18 | Crear | Villager (Male) |
| 13:27 | Crear | Scout Cavalry |
| 13:28 | Crear | Scout Cavalry |
| 13:38 | Crear | Villager (Male) |
| 13:44 | Crear | Spearman |
| 13:44 | Crear | Spearman |
| 13:47 | Crear | Spearman |
| 13:58 | Crear | Spearman |
| 14:07 | Construir | House |
| 14:09 | Construir | Palisade Wall |
| 14:11 | Construir | House |
| 14:30 | Crear | Spearman |
| 14:35 | Construir | House |
| 14:36 | Crear | Villager (Male) |
| 14:43 | Crear | Villager (Male) |
| 14:50 | Construir | Blacksmith |
| 14:53 | Construir | Farm |
| 15:01 | Crear | Villager (Male) |
| 15:03 | Construir | Farm |
| 15:23 | Crear | Villager (Male) |
| 15:25 | Construir | Farm |
| 15:36 | Crear | Villager (Male) |
| 15:40 | Investigar | Forging |
| 15:40 | Investigar | Forging |
| 15:41 | Crear | Villager (Male) |
| 15:56 | Crear | Villager (Male) |
| 16:00 | Construir | Mining Camp |
| 16:06 | Construir | Watch Tower |
| 16:19 | Crear | Villager (Male) |
| 16:21 | Construir | Farm |
| 16:25 | Crear | Villager (Male) |
| 16:38 | Construir | Farm |
| 16:38 | Construir | Farm |
| 16:54 | Crear | Villager (Male) |
| 16:55 | Construir | Farm |
| 17:13 | Construir | Mining Camp |
| 17:17 | Construir | House |
| 17:18 | Construir | Palisade Wall |
| 17:21 | Construir | Palisade Wall |
| 17:24 | Construir | Palisade Wall |
| 17:40 | Construir | Palisade Wall |
| 17:43 | Construir | Farm |
| 17:51 | Crear | Villager (Male) |
| 17:55 | Crear | Villager (Male) |
| 18:00 | Construir | Farm |
| 18:01 | Construir | Farm |
| 18:02 | Crear | Villager (Male) |
| 18:25 | Construir | Farm |
| 18:26 | Construir | Mill |
| 18:38 | Construir | Farm |
| 18:48 | Construir | Watch Tower |
| 18:50 | Crear | Villager (Male) |
| 18:55 | Construir | House |
| 18:57 | Construir | House |
| 19:03 | Construir | Lumber Camp |
| 20:07 | Crear | Spearman |
| 20:07 | Crear | Spearman |
| 20:13 | Investigar | Castle Age |
| 20:42 | Crear | Spearman |
| 20:42 | Crear | Spearman |
| 20:45 | Investigar | Scale Mail Armor |
| 20:45 | Investigar | Scale Mail Armor |
| 20:52 | Crear | Spearman |
| 20:55 | Construir | Barracks |
| 20:59 | Construir | House |
| 21:00 | Construir | Palisade Wall |
| 21:04 | Crear | Spearman |
| 21:16 | Investigar | Bloodlines |
| 21:16 | Investigar | Bloodlines |
| 21:17 | Crear | Spearman |
| 21:25 | Crear | Spearman |
| 21:26 | Crear | Spearman |
| 21:29 | Crear | Villager (Male) |
| 21:36 | Crear | Spearman |
| 21:36 | Crear | Spearman |
| 21:49 | Crear | Spearman |
| 21:49 | Crear | Spearman |
| 21:52 | Crear | Spearman |
| 21:58 | Crear | Spearman |
| 22:01 | Construir | House |
Cronología de la partida
| 4:32 | nlp · wall_segment Palisade Wall x10 |
| 6:03 | nlp · wall_segment Palisade Wall x7 |
| 6:12 | nlp · wall_segment Palisade Wall x5 |
| 6:21 | nlp · wall_segment Palisade Wall x4 |
| 6:42 | GdR_Scugo · first_building Barracks |
| 8:23 | nlp · first_building Barracks |
| 8:29 | GdR_Scugo · age_up feudal |
| 8:31 | GdR_Scugo · first_building Archery Range |
| 8:34 | GdR_Scugo · first_building Stable |
| 9:18 | nlp · age_up feudal |
| 9:25 | nlp · wall_segment Palisade Wall x1 |
| 9:26 | nlp · wall_segment Palisade Wall x1 |
| 9:46 | nlp · first_building Stable |
| 11:25 | GdR_Scugo · wall_segment Palisade Wall x1 |
| 11:26 | GdR_Scugo · wall_segment Palisade Wall x1 |
| 12:54 | nlp · wall_segment Stone Wall x4 |
| 13:12 | GdR_Scugo · wall_segment Stone Wall x3 |
| 13:12 | GdR_Scugo · wall_segment Stone Wall x3 |
| 14:09 | GdR_Scugo · wall_segment Palisade Wall x1 |
| 16:07 | nlp · first_market_buy 100 stone |
| 17:18 | GdR_Scugo · wall_segment Palisade Wall x1 |
| 17:21 | GdR_Scugo · wall_segment Palisade Wall x1 |
| 17:24 | GdR_Scugo · wall_segment Palisade Wall x1 |
| 17:40 | GdR_Scugo · wall_segment Palisade Wall x1 |
| 19:20 | nlp · age_up castle |
| 21:00 | GdR_Scugo · wall_segment Palisade Wall x4 |
| 21:35 | nlp · first_building Monastery |
| 22:53 | GdR_Scugo · age_up castle |
| 24:51 | nlp · first_building Siege Workshop |
| 25:51 | GdR_Scugo · wall_segment Palisade Wall x1 |
| 27:19 | GdR_Scugo · first_market_buy 100 wood |
| 27:46 | GdR_Scugo · first_building Monastery |
| 29:10 | nlp · first_market_sell 500 wood |
| 29:33 | nlp · first_building Castle |
| 31:19 | GdR_Scugo · first_market_sell 100 wood |
| 32:21 | GdR_Scugo · first_building Castle |
| 32:46 | nlp · first_building Archery Range |
| 36:02 | nlp · age_up imperial |
| 37:32 | GdR_Scugo · wall_segment Palisade Wall x1 |
| 38:20 | GdR_Scugo · age_up imperial |
| 43:30 | GdR_Scugo · resign |
[ ANÁLISIS IA · 1 CRÉDITO ]
¿Qué pasó realmente en esta partida?
Wolo.gg analiza cada decisión: build order, eco, micro, errores típicos por bracket. Análisis personalizado por WhatsApp o Discord en 30 segundos.
Guía civ
Eslavos
Perfil
Jugador #22026487